 Dungeon Crawl Stone Soup version 0.24-a0-521-g122614bf49 (webtiles) character file.

Game seed: 10183717493888683099

11 DasRunzen the Skirmisher (level 2, 0/24 HPs)
             Began as a Demonspawn Fighter on July 29, 2019.
             Slain by Natasha (1 damage)
             ... on level 2 of the Dungeon.
             The game lasted 00:00:36 (192 turns).

DasRunzen the Skirmisher (Demonspawn Fighter)        Turns: 192, Time: 00:00:37

Health: 0/24       AC:  7    Str: 16    XL:     2   Next: 17%
Magic:  0/2        EV:  6    Int:  9    God:
Gold:   26         SH:  8    Dex: 12    Spells: 1/1 levels left

rFire    . . .     SeeInvis .   a - +0 war axe
rCold    . . .     Gourm    .   c - +0 shield
rNeg     . . .     Faith    .   b - +0 scale mail
rPois    .         Spirit   +   (no helmet)
rElec    .         Reflect  .   e - +0 cloak
rCorr    .         Harm     .   (no gloves)
MR       .....                  (no boots)
Stlth    ..........             (no amulet)
HPRegen  0.08/turn              (no ring)
MPRegen  0.08/turn              (no ring)

@: slowed, very slow
A: magic shield
a: no special abilities


You were on level 2 of the Dungeon.
You were not hungry.

You visited 1 branch of the dungeon, and saw 2 of its levels.

You collected 26 gold pieces.

Inventory:

Hand Weapons
 a - a +0 war axe (weapon)
Armour
 b - a +0 scale mail (worn)
 c - a +0 shield (worn)
 e - a +0 cloak (worn)
Jewellery
 m - an uncursed ring of see invisible {unknown}
Scrolls
 g - 2 scrolls of identify {unknown}
 h - a scroll of remove curse {unknown}
 j - a scroll of fear {unknown}
 k - a scroll of fog {unknown}
 l - a scroll of teleportation {unknown}
Potions
 d - 2 potions of might
 i - a potion of magic {unknown}
Comestibles
 f - a ration


   Skills:
 + Level 3.1 Fighting
 + Level 2.0 Axes
 + Level 2.8 Armour
 + Level 2.9 Shields


You had one spell level left.
You didn't know any spells.
Your spell library was empty.

Dungeon Overview and Level Annotations

Branches:
Dungeon (2/15)

Altars:

Annotations:
D:2 Natasha


Innate Abilities, Weirdness & Mutations

When hurt, damage is shared between your health and your magic reserves.


Message History

Your shield and scale mail prevent you from hitting Natasha.
Natasha is severely wounded.
Your shield and scale mail prevent you from hitting the hobgoblin.
Natasha drinks a potion.
Natasha is healed!
The hobgoblin hits you but does no damage.
You block the hobgoblin's attack. You block Natasha's attack.
You block the kobold's attack. x2
The hobgoblin hits you but does no damage.
Natasha casts a spell at you. The magic dart hits you.
* * * LOW HITPOINT WARNING * * *
You hit Natasha.
Natasha is moderately wounded.
You closely miss the kobold. You hit the hobgoblin.
You kill the hobgoblin!
You hit the crimson imp. The crimson imp barely misses you. Natasha claws you.
* * * LOW HITPOINT WARNING * * *
You block the kobold's attack. The crimson imp barely misses you.
The kobold barely misses you. Natasha claws you.
You die...

.#..
...<######
.........#
.....>...#
....%$...#
.........#
...w..h..#
#..K@.####...
#..†5........
#....(.##.#.#
####...#
#...# #...#
#.... #...##
##+.#


You could see a worm, Natasha, a crimson imp and a kobold.

Vanquished Creatures
  A leopard gecko (D:1)
  A bat (D:1)
  A hobgoblin (D:2)
  A kobold (D:1)
  3 goblins (D:1)
  3 rats
10 creatures vanquished.

Notes
Turn   | Place    | Note
-------+----------+-------------------------------------------
     0 | D:1      | DasRunzen the Demonspawn Fighter began the quest for the
                  | Orb.
     0 | D:1      | Reached XP level 1. HP: 18/18 MP: 1/1
   159 | D:1      | Gained mutation: When hurt, damage is shared between your
                  | health and your magic reserves. [demonic ancestry]
   159 | D:1      | Reached XP level 2. HP: 24/24 MP: 2/2
   184 | D:1      | You fall into a shaft and drop 1 floor!
   185 | D:2      | Noticed Natasha
   188 | D:2      | Noticed a crimson imp
   192 | D:2      | HP: 1/24 [Natasha (2)]
   192 | D:2      | Slain by Natasha

Levels and vault maps discovered:
D:1:      roderic_chinese_lattice_arrival, layout_basic
D:2:      layout_basic, minmay_diced_spiral, uniq_natasha, uniq_sigmund,
          uniq_crazy_yiuf_cottage

Skill      XL: |  1 |
---------------+----+-----
Axes           | 2 |  2.0
Fighting       | |  3.1
Armour         | |  2.8
Shields        | |  2.9

Action                   || total
-------------------------++-------
Melee: War axe           ||    27
Armor: Scale mail        ||    13
Dodge: Dodged            ||    10
Block: Shield            ||    19

Table legend:
 A = Non-vault XP
 B = Vault XP
 C = Vault XP percentage of total XP
 D = Non-vault monster count
 E = Vault monster count
 F = Vault count percentage of total count
                 A         B        C        D         E       F
            +---------+---------+-------+---------+---------+-------
      Total |      17 |       0 |   0.0 |      10 |       0 |   0.0
            +---------+---------+-------+---------+---------+-------
        D:1 |      14 |       0 |   0.0 |       8 |       0 |   0.0
        D:2 |       3 |       0 |   0.0 |       2 |       0 |   0.0
            +---------+---------+-------+---------+---------+-------
